 Dungeon Crawl Stone Soup version 0.24.0-123-gd5b16e6ec5 (webtiles) character file.

Game seed: 15858030421101636896, levelgen mode: deterministic

270 Delamore the Cleaver (level 6, -2/51 HPs)
             Began as a Hill Orc Fighter on Dec 16, 2019.
             Slain by an ogre
             ... wielding a +0 giant club
              (23 damage)
             ... on level 4 of the Dungeon.
             The game lasted 00:02:38 (2124 turns).

Delamore the Cleaver (Hill Orc Fighter)             Turns: 2124, Time: 00:02:39

Health: -2/51      AC:  8    Str: 21    XL:     6   Next: 22%
Magic:  6/6        EV:  7    Int:  8    God:
Gold:   135        SH:  9    Dex: 10    Spells: 5/5 levels left

rFire    . . .     SeeInvis .   a - +0 war axe
rCold    . . .     Gourm    .   c - +0 shield
rNeg     . . .     Faith    .   b - +0 scale mail
rPois    .         Spirit   .   (no helmet)
rElec    .         Reflect  .   (no cloak)
rCorr    .         Harm     .   m - +0 pair of gloves
MR       .....                  (no boots)
Stlth    ..........             (no amulet)
HPRegen  0.17/turn              (no ring)
MPRegen  0.10/turn              (no ring)

@: no status effects
A: no striking features
a: Convert to Beogh


You were on level 4 of the Dungeon.
You were not hungry.

You visited 1 branch of the dungeon, and saw 3 of its levels.

You collected 135 gold pieces.

Inventory:

Hand Weapons
 a - a +0 war axe (weapon)
Armour
 b - a +0 scale mail (worn)
 c - a +0 shield (worn)
 m - a +0 pair of gloves (worn)
Jewellery
 h - an uncursed ring of protection from fire {unknown}
Scrolls
 e - 2 scrolls of blinking {unknown}
 j - a scroll of remove curse {unknown}
 k - a scroll of magic mapping {unknown}
 l - a scroll of identify {unknown}
Potions
 d - a potion of might
 g - a potion of degeneration {unknown}
 i - a potion of magic {unknown}
 n - a potion of resistance {unknown}
 o - 2 potions of brilliance {unknown}
 p - a potion of lignification {unknown}
Comestibles
 f - 3 rations


   Skills:
 - Level 3.6 Fighting
 + Level 8.4 Axes
 - Level 3.2 Armour
 - Level 3.2 Shields


You had 5 spell levels left.
You didn't know any spells.
Your spell library was empty.

Dungeon Overview and Level Annotations

Branches:
Dungeon (2/15)

Altars:
Uskayaw
Vehumet
Wu Jian


Message History

The jackal bites you but does no damage.
You closely miss the worker ant.
The orc priest shouts, "Join the one true god or die!"
You slash the jackal!
You kill the jackal!
The orc priest calls down the wrath of Beogh upon you.
Beogh smites you! You block the worker ant's attack.
You barely miss the worker ant. The worker ant barely misses you.
You barely miss the worker ant. You hit the ogre but do no damage.
The worker ant barely misses you. The ogre barely misses you.
The worker ant barely misses you.
The orc priest shouts, "Join the one true god or die!"
You hit the worker ant but do no damage.
You hit the ogre. You block the worker ant's attack.
The ogre barely misses you.
Your shield and scale mail prevent you from hitting the worker ant.
You slash the ogre!
The worker ant bites you but does no damage.
The ogre hits you with a +0 giant club!!
You die...

########## #h..O.ho.#
#.######.# #O# #.# #(#
#O# #.#############.#
#.# ......a@Oho.....#
#h#
###################.#
#o#
...............(..#.#
#.# ...#....####.....#.#
#.# #....# ###...#.# #.#
#....#######..#.######.#
##........##..#.##.....#
#...#....###.#.##..?..#
#...#....# #.#.##.....#


You could see an ogre, a worker ant, an orc priest and a jackal.

Vanquished Creatures
  A phantom (D:4)
  A scorpion (D:4)
  Natasha (twice) (D:2)
  2 adders
  2 oozes (D:1)
  3 worms (D:2)
  2 dart slugs (D:1)
  A leopard gecko (D:1)
  An orc (D:2)
  2 giant cockroaches
  4 goblins
  6 hobgoblins
  7 jackals
  A quokka (D:4)
  A ball python (D:2)
  5 bats
  3 frilled lizards
  6 kobolds
  5 rats
55 creatures vanquished.

Notes
Turn   | Place    | Note
-------+----------+-------------------------------------------
     0 | D:1      | Delamore the Hill Orc Fighter began the quest for the Orb.
     0 | D:1      | Reached XP level 1. HP: 19/19 MP: 1/1
    67 | D:1      | Reached skill level 3 in Axes
    73 | D:1      | Reached XP level 2. HP: 24/26 MP: 2/2
   197 | D:1      | Reached skill level 4 in Axes
   249 | D:1      | Reached XP level 3. HP: 24/31 MP: 3/3
   355 | D:1      | Reached skill level 5 in Axes
   726 | D:2      | Noticed Natasha
   728 | D:2      | Killed Natasha
   728 | D:2      | Reached XP level 4. HP: 29/39 MP: 4/4
   733 | D:2      | Noticed Natasha
   751 | D:2      | HP: 1/39 [Natasha/magic dart (4)]
   752 | D:2      | Killed Natasha
   752 | D:2      | Reached skill level 6 in Axes
  1024 | D:2      | Found a hide-covered altar of Uskayaw.
  1028 | D:2      | Found a radiant altar of Vehumet.
  1038 | D:2      | Found an ornate altar of the Wu Jian Council.
  1430 | D:2      | Reached XP level 5. HP: 45/45 MP: 5/5
  1637 | D:2      | You fall into a shaft and drop 2 floors!
  1652 | D:4      | Reached skill level 7 in Axes
  1947 | D:4      | Noticed a phantom
  1971 | D:4      | Killed a phantom
  1971 | D:4      | Reached skill level 8 in Axes
  1971 | D:4      | Reached XP level 6. HP: 34/51 MP: 6/6
  2124 | D:4      | Slain by an ogre

Levels and vault maps discovered:
D:1:      dpeg_arrival_stone_temple_mockup, layout_loops_ring
D:2:      layout_basic, grunt_temple_overflow_open, first_ration,
          minmay_distorted, uniq_natasha
D:4:      minmay_recursive_quarters, layout_basic, kennysheep_little_box

Skill      XL: |  1  2  3  4  5 |
---------------+----------------+-----
Axes           | 3 4 5 6 8 |  8.4
Fighting       | |  3.6
Armour         | |  3.2
Shields        | |  3.2

Action                   |  1- 3 |  4- 6 || total
-------------------------+-------+-------++-------
Melee: War axe           |    88 |   133 ||   221
  Use: Potion            |       |     1 ||     1
  Eat: Chunk             |       |     4 ||     4
Armor: Scale mail        |    34 |    60 ||    94
Dodge: Dodged            |    23 |    36 ||    59
Block: Shield            |    43 |    50 ||    93
